[Event "Early-Titled-Tuesday-Blitz-January-16-2024"]
[Site "Chess.com"]
[Date "2024.01.16"]
[Round "9"]
[White "JCVanDamme10"]
[Black "The_Straightforward_Rook"]
[Result "0-1"]
[WhiteElo "2317"]
[BlackElo "2464"]
[TimeControl "180+1"]
[EndTime "9:48:30 PST"]
[Termination "The_Straightforward_Rook won on time"]

1. e4 c6 2. d4 d5 3. e5 Bf5 4. Nf3 e6 5. Be2 Nd7 6. O-O a5 7. Nbd2 a4 8. Re1 f6 9. Nf1 fxe5 10. dxe5 Bc5 11. Ng3 Bg6 12. Bd3 Ne7 13. Ng5 O-O 14.
Nxe6 Bxf2+ 15. Kh1 Qb6 16. Nxf8 Nxf8 17. Rf1 Bxg3 18.
hxg3 Bxd3 19. Qxd3 Ne6 20. Be3 Qxb2 21. Rab1 Qxe5 22. Rxb7 Ng6 23. Rff7 Qxg3 24. Rxg7+ Nxg7 25. Rxg7+ Kxg7 26. Bd4+ Qe5 27. Bxe5+ Nxe5 28. Qg3+ Kf6 29. Qf4+ Ke6 30. Kg1 Nc4 31. Qh6+ Ke5 32. Qxc6 Rg8 33. Qc7+ Kd4 34. Qxh7 Rb8 35. Qd3+ Kc5 36. g4 Rb2 37. a3 Ra2 38. g5 Rxa3 39. Qf5 Ra1+ 40. Kh2 a3 41. g6 a2 42. g7 Rh1+ 43. Kxh1 a1=Q+ 44. Kh2 Qxg7 45. Qf2+ Qd4 46. Qf8+ Nd6 47. Qe7 Qd2+ 48. Kh3 Qc3+ 49. Kg4 Qb4+ 50. Kh5 Kc4 0-1

[Event "Early-Titled-Tuesday-Blitz-January-16-2024"]
[Site "Chess.com"]
[Date "2024.01.16"]
[Round "9"]
[White "alvarorodriguezavila"]
[Black "ZuraTqebuchava"]
[Result "1-0"]
[WhiteElo "2305"]
[BlackElo "2146"]
[TimeControl "180+1"]
[EndTime "9:48:30 PST"]
[Termination "alvarorodriguezavila won on time"]

1. e4 e5 2. d4 d6 3. Nf3 exd4 4. Nxd4 Nc6 5. Nc3 Nf6 6. Bf4 Be7 7. Qd2 Nxd4 8. Qxd4 Be6 9. O-O-O a5 10. f3 O-O 11. Kb1 a4 12. a3 b5 13. Bxb5 Qb8 14.
Bxa4 Nh5 15. Bc6 Nxf4 16. Bxa8 Qxa8 17. g3 Ng6 18. f4 Bf6 19. Qd3 Bg4 20. Rde1 Rb8 21.
Kc1 Qb7 22. Kd2 h5 23. Rb1 Qa7 24. Rhe1 Qf2+ 25. Ne2 Qxh2 26. b4 Qf2 27. Rf1 Qb6 28. a4 h4 29. a5 Qb7 30. gxh4 Nxh4 31. a6 Qa7 32. b5 Rb6 33. c4 Nf3+ 34. Rxf3 Bxf3 35.
Qxf3 Rb8 36. Qd3 Qf2 37. Rb3 Re8 38. Kc2 Qe1 39. a7 Qa1 40. Ra3 1-0

[Event "Early-Titled-Tuesday-Blitz-January-16-2024"]
[Site "Chess.com"]
[Date "2024.01.16"]
[Round "9"]
[White "azikom"]
[Black "TitarovVasiliYouTube"]
[Result "1-0"]
[WhiteElo "2698"]
[BlackElo "2545"]
[TimeControl "180+1"]
[EndTime "9:48:33 PST"]
[Termination "azikom won on time"]

1. d4 d5 2. Nf3 Nf6 3. Bf4 e6 4. e3 Bd6 5. Bg3 O-O 6. Nbd2 b6 7. c4 Bb7 8. Qc2 Nbd7 9. cxd5 Nxd5 10. a3 N5f6 11. Bd3 Rc8 12. Nc4 Be7 13. Qe2 c5 14.
Nd6 Bxd6 15. Bxd6 Re8 16. Bb5 Ne4 17. Bg3 Qe7 18. O-O Red8 19. Rfd1 Nxg3 20. hxg3 Nf6 21. Rac1 Rd6 22. dxc5 Rxd1+ 23. Qxd1 Rxc5 24. Rxc5 Qxc5 25. Qd8+ Qf8 26. Qc7 Qc8 27. Qxc8+ Bxc8 28. Ne5 Kf8 29. f3 Nd5 30. e4 Nc7 31. Be2 Bb7 32. Kf2 Ke7 33. Ke3 f6 34. Nd3 Ba6 35. Nb4 Bxe2 36.
Kxe2 Kd6 37. g4 a5 38. Nc2 Kc5 39. Kd3 Na6 40. Nd4 Nc7 41. Ne2 e5 42. Nc3 Ne6 43.
Na4+ Kb5 44. Nc3+ Kc5 45. g3 b5 46. Nd5 Nd4 47. f4 Nc6 48. Ne3 g6 49. Nd5 b4 50.
Nxf6 bxa3 51. bxa3 h6 52. Ng8 h5 53. gxh5 gxh5 54. f5 Kd6 55. Nf6 Nd4 56. Nxh5 1-0

[Event "Early-Titled-Tuesday-Blitz-January-16-2024"]
[Site "Chess.com"]
[Date "2024.01.16"]
[Round "9"]
[White "R2D2PTY"]
[Black "pfalcon1949"]
[Result "1-0"]
[WhiteElo "2229"]
[BlackElo "1982"]
[TimeControl "180+1"]
[EndTime "9:48:33 PST"]
[Termination "R2D2PTY won on time"]

1. e4 e6 2. d4 d5 3. Nd2 Nc6 4. c3 e5 5. exd5 Qxd5 6. Ngf3 e4 7. Bc4 Qf5 8. Qe2 Nf6 9. O-O Be7 10. Ne1 O-O 11. f3 e3 12. Qxe3 Re8 13. Bd3 Qh5 14. Qf2 Bd6 15. g3 Bh3 16. Ng2 Re7 17. Ne4 Nxe4 18.
fxe4 f6 19. e5 fxe5 20. Bc4+ Be6 21. d5 Na5 22. b3 Nxc4 23. bxc4 Bd7 24. Ne3 Rae8 25.
Bd2 b6 26. Rae1 Bh3 27. Ng2 Rd7 28. Be3 Rf8 29. Qd2 Rxf1+ 30. Rxf1 Rd8 31. Re1 Qg6 32. Bf2 h6 33. Nh4 Qg4 34. Be3 e4 35. Bf2 g5 36.
Ng2 Re8 37. Ne3 Qh5 38. Qd4 Bc5 39. Qf6 Bxe3 40. Rxe3 Qd1+ 41. Re1 Qh5 42. c5 Rf8 43.
Qd4 bxc5 44. Qxe4 Kh8 45. Bxc5 Qe2 46. Bd4+ Kg8 47. Qxe2 1-0

[Event "Early-Titled-Tuesday-Blitz-January-16-2024"]
[Site "Chess.com"]
[Date "2024.01.16"]
[Round "9"]
[White "TrompeterImEther"]
[Black "iwanyu"]
[Result "1-0"]
[WhiteElo "2531"]
[BlackElo "2673"]
[TimeControl "180+1"]
[EndTime "9:48:34 PST"]
[Termination "TrompeterImEther won on time"]

1. e4 c6 2. Nf3 d5 3. Nc3 Bg4 4. h3 Bh5 5. exd5 cxd5 6. g4 Bg6 7. Ne5 Nc6 8. d4 e6 9. h4 f6 10. Nxg6 hxg6 11. Bd3 Kf7 12. Ne2 Bd6 13. c3 Nge7 14. Qc2 Rc8 15. Qb3 Na5 16. Qa4 e5 17. Be3 e4 18. Bc2 a6 19. Bb1 Nc4 20. Qc2 Nxe3 21. fxe3 Qd7 22. Qb3 Qxg4 23. Bc2 b5 24. Kd2 Rc4 25.
Rag1 Qd7 26. Bb1 Nf5 27. Qd1 b4 28. a3 bxc3+ 29. bxc3 Rb8 30. Bc2 Rb2 31. Qa1 Rxc2+ 32. Kxc2 Nxe3+ 33. Kd2 Nf5 34. Qb2 Rc8 35. Qb3 Be7 36.
Nf4 Rd8 37. Rxg6 Qc6 38. Rgg1 Nd6 39. Rb1 Nc4+ 40. Ke2 Qd6 41. Rhf1 Qd7 42. Rg1 Qf5 43. Rbf1 e3 44. Qb1 Qxb1 45. Rxb1 Bxa3 46. Kd3 1-0

[Event "Early-Titled-Tuesday-Blitz-January-16-2024"]
[Site "Chess.com"]
[Date "2024.01.16"]
[Round "9"]
[White "Pastore1978"]
[Black "sansanathalia"]
[Result "1-0"]
[WhiteElo "2286"]
[BlackElo "2360"]
[TimeControl "180+1"]
[EndTime "9:48:34 PST"]
[Termination "Pastore1978 won on time"]

1. e4 c5 2. Nc3 d6 3. f4 Nf6 4. Nf3 e6 5. d4 cxd4 6. Nxd4 a6 7. Be3 Be7 8. a4 Qc7 9. Be2 Bd7 10. O-O O-O 11.
Bf3 Nc6 12. Nb3 b6 13. Qd2 Rac8 14. Qf2 Rb8 15. g4 b5 16. g5 Ne8 17. a5 f5 18.
exf5 Rxf5 19. Be4 Rf8 20. Qh4 g6 21. Rf3 Ng7 22. Rh3 Nh5 23. Bf3 e5 24. Bg4 exf4 25. Bb6 Qc8 26. Bxd7 Qxd7 27. Nd5 Bd8 28. Re1 Bxb6+ 29.
axb6 Qf7 30. Nf6+ Nxf6 31. gxf6 Rbe8 32. Rf1 Ne5 33. Rxf4 Re6 34. Nd4 Ree8 35. Qg5 Nc4 36. Rfh4 Re5 37. Qh6 Re1+ 38. Kf2 Qxf6+ 39. Kxe1 Qf2+ 40.
Kd1 Ne3+ 41. Qxe3 Qf1+ 42. Qe1 1-0

[Event "Early-Titled-Tuesday-Blitz-January-16-2024"]
[Site "Chess.com"]
[Date "2024.01.16"]
[Round "9"]
[White "MusicCityMaster"]
[Black "Lady_Nika"]
[Result "1/2-1/2"]
[WhiteElo "2416"]
[BlackElo "2574"]
[TimeControl "180+1"]
[EndTime "9:48:35 PST"]
[Termination "Game drawn by repetition"]

1. d4 d5 2. c4 e6 3. Nc3 f5 4.
Nf3 Nf6 5. g3 c6 6. Bg2 Bd6 7.
O-O Nbd7 8. Qc2 O-O 9. Rb1 Ne4 10. b4 Qe7 11. b5 Nxc3 12. Qxc3 f4 13. a4 fxg3 14.
hxg3 a5 15. Bg5 Rxf3 16. Bxe7 Rxc3 17. Bxd6 Rxc4 18. bxc6 bxc6 19. e3 Ba6 20. Rfc1 Rxc1+ 21. Rxc1 Bc4 22. Rb1 Ra7 23. Bf3 Kf7 24. Kg2 Bd3 25. Rb2 Nf6 26. Rb8 Be4 27. Rb6 Bxf3+ 28. Kxf3 Ne4 29. Rxc6 Ke8 30. Rc7 Rxc7 31. Bxc7 Nd2+ 32. Ke2 Nc4 33. f3 Kd7 34. Be5 Nxe5 35. dxe5 Kc6 36. Kd3 Kc5 37. Kc3 h5 38. f4 Kb6 39. Kd4 Kc6 40. e4 dxe4 41. Kxe4 g6 42. Kd4 Kb6 43.
Kc4 Kc6 44. Kd4 Kb6 45. Kc4 Kc6 46. Kd4 1/2-1/2

[Event "Early-Titled-Tuesday-Blitz-January-16-2024"]
[Site "Chess.com"]
[Date "2024.01.16"]
[Round "9"]
[White "stollenmonster"]
[Black "CSB7"]
[Result "1/2-1/2"]
[WhiteElo "2891"]
[BlackElo "2719"]
[TimeControl "180+1"]
[EndTime "9:48:36 PST"]
[Termination "Game drawn by repetition"]

1. e4 Nf6 2. Nc3 e5 3. g3 d5 4. exd5 Nxd5 5. Bg2 Nxc3 6. bxc3 Nc6 7. d3 Bc5 8. Ne2 O-O 9. O-O Bb6 10. h3 Be6 11. c4 Qd7 12. Kh2 f5 13. f4 e4 14. Nc3 Bd4 15. Bb2 exd3 16. cxd3 Rad8 17. Rb1 Rfe8 18. Nd5 Bxb2 19. Rxb2 b6 20. Re2 Nd4 21. Re5 c6 22.
Nc3 Bf7 23. Rfe1 Rxe5 24. Rxe5 Re8 25. Qe1 Kf8 26. a4 Qd6 27. Qe3 Rxe5 28. fxe5 Qc5 29.
Qf4 g6 30. Qh6+ Kg8 31. Qe3 Kf8 32. Ne2 Nxe2 33. Qxe2 Ke7 34. Qb2 Be6 35. d4 Qxc4 36.
Qd2 Bd5 37. Qg5+ Ke8 38. Bxd5 cxd5 39. Qf6 Qe2+ 40. Kh1 Qe1+ 41. Kh2 Qd2+ 42. Kh1 Qd1+ 43. Kh2 Qe2+ 44. Kh1 Qd1+ 45. Kh2 Qxd4 46. Qe6+ Kd8 47. Qd6+ Kc8 48. e6 Qf2+ 49. Kh1 Qf1+ 50. Kh2 Qf2+ 51. Kh1 Qf1+ 52. Kh2 Qf2+ 1/2-1/2

[Event "Early-Titled-Tuesday-Blitz-January-16-2024"]
[Site "Chess.com"]
[Date "2024.01.16"]
[Round "9"]
[White "NoHeThTo"]
[Black "karinachess1"]
[Result "1-0"]
[WhiteElo "2718"]
[BlackElo "2610"]
[TimeControl "180+1"]
[EndTime "9:48:36 PST"]
[Termination "NoHeThTo won by resignation"]

1. d4 Nf6 2. Nc3 d5 3. Bf4 g6 4. e3 Bg7 5. h4 h5 6. Nf3 O-O 7. Ne5 c5 8. dxc5 Qa5 9. Qd2 Qxc5 10. Be2 Nc6 11. O-O Nxe5 12. Bxe5 Be6 13. Bf3 Rfd8 14. Rfd1 Rd7 15. Qd4 Qxd4 16. Rxd4 Rc8 17. Rad1 b6 18. Be2 Rc5 19. Bb5 Rd8 20. a4 Rdc8 21. Ba6 Rd8 22.
e4 Ng4 23. Bxg7 Kxg7 24. exd5 Bf5 25. R1d2 Nf6 26. f3 Rd6 27. Kf2 Bd7 28. Bf1 a5 29. Ne4 Nxe4+ 30. fxe4 Kf6 31. c3 Ke5 32. Ke3 Rf6 33.
Rf2 Rxf2 34. Kxf2 Bg4 35. Ke3 Bd7 36. Ba6 Rc7 37. Be2 Rc5 38. Kd3 Rc7 39. Bf3 f6 40. Ke3 Rc5 41. Be2 Rc7 42. Bc4 Bxa4 43. d6 exd6 44.
Rd5+ Ke6 45. b3 Bc6 46. Rxh5+ Kd7 47. Rh7+ Kc8 48. Rxc7+ Kxc7 49. Bf7 g5 50. h5 d5 51. h6 Be8 52. Bxe8 1-0

[Event "Early-Titled-Tuesday-Blitz-January-16-2024"]
[Site "Chess.com"]
[Date "2024.01.16"]
[Round "9"]
[White "01Roman"]
[Black "Nouali_Mohamed"]
[Result "1-0"]
[WhiteElo "2490"]
[BlackElo "2576"]
[TimeControl "180+1"]
[EndTime "9:48:36 PST"]
[Termination "01Roman won on time"]

1. Nf3 Nf6 2. c4 g6 3. Nc3 Bg7 4. e4 d6 5. d4 O-O 6. Be2 c5 7. O-O cxd4 8. Nxd4 Nc6 9. Be3 Nxd4 10. Bxd4 Be6 11. f4 Rc8 12. b3 a6 13. Qd3 Bg4 14. Bxg4 Nxg4 15. Bxg7 Kxg7 16. Qd4+ e5 17. fxe5 dxe5 18.
Qxd8 Rcxd8 19. Nd5 f5 20. h3 Nf6 21. Nxf6 Kxf6 22. exf5 gxf5 23. Rad1 e4 24. Rxd8 Rxd8 25. g4 Ke5 26. Rxf5+ Kd4 27. Kf2 Kd3 28. Rd5+ Rxd5 29. cxd5 Kd2 30. d6 e3+ 31. Kf3 e2 32. d7 e1=Q 33.
d8=Q+ Kc2 34. Qc7+ Kb1 35. Qxh7+ Kxa2 36. Qd3 Qh1+ 37.
Kg3 Qe1+ 38. Kf4 b5 39. g5 Qh4+ 40. Kf5 b4 41. g6 a5 42. Qe2+ Kxb3 43. g7 Qd8 44.
Qe6+ Ka3 45. g8=Q Qd3+ 46. Kf6 1-0

[Event "Early-Titled-Tuesday-Blitz-January-16-2024"]
[Site "Chess.com"]
[Date "2024.01.16"]
[Round "9"]
[White "Nf3c5"]
[Black "gabduschew"]
[Result "0-1"]
[WhiteElo "2548"]
[BlackElo "2461"]
[TimeControl "180+1"]
[EndTime "9:48:36 PST"]
[Termination "gabduschew won on time"]

1. e4 Nc6 2. Nf3 d6 3. h3 Nf6 4. Nc3 e5 5. d4 Be7 6. Bb5 exd4 7. Nxd4 Bd7 8. Bxc6 bxc6 9. O-O O-O 10. Qf3 Ne8 11. e5 d5 12. Nb3 f6 13. exf6 Nxf6 14. Qd3 Bd6 15. Ne2 Qe8 16. Bf4 Qe4 17. Bxd6 Qxd3 18. cxd3 cxd6 19. d4 a5 20. Rac1 Ne4 21. f3 a4 22.
fxe4 axb3 23. Rxf8+ Kxf8 24. axb3 dxe4 25. d5 cxd5 26.
Nc3 Be6 27. Rd1 Rb8 28. Nxd5 Rxb3 29. Nf4 Ke7 30. Rd4 Bf5 31. Nd5+ Ke6 32. Nc3 d5 33.
Nxd5 Rxb2 34. Ne3 Bg6 35. g4 Ke5 36. Ra4 Kf4 37. Nf1 Bf7 38. Rd4 g5 39. Ra4 Rc2 40. Nh2 Bc4 41. Ra7 e3 42. Re7 Rc1+ 43. Kg2 Bd5+ 0-1

[Event "Early-Titled-Tuesday-Blitz-January-16-2024"]
[Site "Chess.com"]
[Date "2024.01.16"]
[Round "9"]
[White "PavelChernomordik"]
[Black "tactic"]
[Result "1/2-1/2"]
[WhiteElo "2431"]
[BlackElo "2541"]
[TimeControl "180+1"]
[EndTime "9:48:38 PST"]
[Termination "Game drawn by repetition"]

1. e4 c5 2. Nc3 e6 3. f4 d5 4.
Nf3 Nc6 5. Bb5 Nf6 6. Qe2 Be7 7. O-O O-O 8. Bxc6 bxc6 9. d3 Rb8 10. b3 Ne8 11.
Na4 c4 12. dxc4 dxc4 13. Qxc4 Qa5 14. Bd2 Bb4 15. c3 Be7 16. Ne5 Ba6 17. Nxc6 Bxc4 18. Nxa5 Bxf1 19. Kxf1 Nf6 20. Nc6 Rb7 21. Nxe7+ Rxe7 22. Nc5 Rc7 23. Be3 Rfc8 24. b4 e5 25. Rd1 Ng4 26.
Bg1 exf4 27. Rd5 h6 28. h3 Nf6 29. Rd6 Kf8 30. e5 Ke7 31. Rd4 Nd7 32. Rxf4 Nxe5 33.
Re4 f6 34. Bd4 Kd6 35. Bxe5+ fxe5 36. Rg4 Kd5 37. Ke2 g5 38. Kd3 Rxc5 39. bxc5 Rxc5 40. Ra4 a5 41. c4+ Ke6 42. Ke4 h5 43. g3 Kd6 44.
g4 h4 45. Kd3 Ke6 46. Ke4 Kd6 47. Kd3 Ke7 48. Ke4 Ke6 49. Kd3 Kf6 50. Ke4 Ke6 51. Kd3 Kf6 52. Ke4 Ke6 1/2-1/2

[Event "Early-Titled-Tuesday-Blitz-January-16-2024"]
[Site "Chess.com"]
[Date "2024.01.16"]
[Round "9"]
[White "Louis-Paulsen-Fan"]
[Black "FARIZA2018"]
[Result "0-1"]
[WhiteElo "2322"]
[BlackElo "2507"]
[TimeControl "180+1"]
[EndTime "9:48:38 PST"]
[Termination "FARIZA2018 won by resignation"]

1. d4 Nf6 2. Nf3 d5 3. c4 e6 4. Nc3 Be7 5. Bg5 O-O 6. e3 h6 7. Bh4 b6 8. Bd3 dxc4 9. Bxc4 Bb7 10. O-O c5 11. Qe2 Nbd7 12. Rfd1 Rc8 13. dxc5 Rxc5 14. Nd4 Qa8 15. f3 Ne5 16. Bb3 Rd8 17. Rac1 Qc8 18. Bg3 Ng6 19. Rc2 Nd5 20. Nxd5 Bxd5 21. Bxd5 Rdxd5 22. Rdc1 Qd7 23. Nb3 Rxc2 24. Qxc2 Bc5 25.
Bf2 Ne5 26. Nd4 Bxd4 27. exd4 Ng6 28. Qc8+ Kh7 29. Rc7 Qxc8 30. Rxc8 Rd7 31. Kf1 Nf4 32. g3 Nd3 33. b3 Nxf2 34. Kxf2 Rxd4 35. Ke3 Rd7 36. h4 Kg6 37. g4 h5 38. Ra8 Rc7 39. Kd3 e5 40. Ke4 hxg4 41. fxg4 f6 42. Kd5 Re7 43. Kd6 Kf7 44. Rc8 e4 45. Rc2 e3 46.
Re2 g6 47. Kd5 f5 48. h5 f4 49. hxg6+ Kxg6 0-1

[Event "Early-Titled-Tuesday-Blitz-January-16-2024"]
[Site "Chess.com"]
[Date "2024.01.16"]
[Round "9"]
[White "Durarbayli"]
[Black "Zhigalko_Sergei"]
[Result "1-0"]
[WhiteElo "2858"]
[BlackElo "2950"]
[TimeControl "180+1"]
[EndTime "9:48:39 PST"]
[Termination "Durarbayli won on time"]

1. e4 c5 2. Nf3 Nc6 3. d4 cxd4 4.
Nxd4 Nf6 5. Nc3 e5 6. Ndb5 d6 7. Bg5 a6 8. Na3 b5 9. Nd5 Be7 10. Bxf6 Bxf6 11. c4 b4 12. Nc2 O-O 13. Qf3 Be7 14.
O-O-O Be6 15. Kb1 a5 16. Be2 Qb8 17. Qg3 Bd8 18. Bg4 b3 19. axb3 Bxg4 20. Qxg4 Qxb3 21. Nce3 a4 22. Nf5 g6 23. Qg3 Qb8 24. h4 a3 25.
b3 Kh8 26. Nh6 a2+ 27. Ka1 Nd4 28. Rxd4 exd4 29. h5 Ra7 30. Qd3 Kg7 31. Qxd4+ f6 32. Ng4 Raf7 33. Qc3 Qa7 34. f4 Kg8 35. Nh6+ Kg7 36.
Nxf7 Rxf7 37. hxg6 hxg6 38. Qh3 Qd4+ 39. Nc3 Kf8 40.
Rd1 Qc5 41. Qh8+ Ke7 42. e5 Ba5 43. Nd5+ Kd7 44. e6+ Kc6 45. Qe8+ Kb7 46. exf7 Ka6 47. Qb5+ Qxb5 48. cxb5+ Kxb5 49. f8=Q 1-0

[Event "Early-Titled-Tuesday-Blitz-January-16-2024"]
[Site "Chess.com"]
[Date "2024.01.16"]
[Round "9"]
[White "NastyaHn"]
[Black "rhungaski"]
[Result "1-0"]
[WhiteElo "2346"]
[BlackElo "2522"]
[TimeControl "180+1"]
[EndTime "9:48:39 PST"]
[Termination "NastyaHn won on time"]

1. Nc3 g6 2. e4 Bg7 3. d4 d6 4. f4 a6 5. Nf3 b5 6. a3 Nd7 7.
Be3 Bb7 8. e5 c5 9. dxc5 dxe5 10. Nxe5 Nxe5 11. fxe5 Bxe5 12. Qxd8+ Rxd8 13. Rd1 Nf6 14. Rxd8+ Kxd8 15. h3 Kc7 16. Kf2 Bxc3 17. bxc3 Ne4+ 18.
Ke1 e5 19. c4 Bc6 20. Bd3 Ng3 21. Rg1 h5 22. cxb5 axb5 23. c4 bxc4 24. Bxc4 f5 25. Kd1 Rd8+ 26. Kc2 f4 27. Bc1 Be4+ 28. Kc3 h4 29. Re1 g5 30. Kb4 Re8 31. Bb2 Re7 32.
a4 Kc6 33. Bb5+ Kb7 34. a5 Bxg2 35. Rxe5 Rxe5 36. Bxe5 f3 37. a6+ Ka7 38. Bd4 Nf5 39. Bf2 Bxh3 40. c6+ Ka8 41. c7 Ne7 42. Bd3 Nc6+ 43.
Kb5 Na7+ 44. Kc4 Be6+ 45. Kd4 1-0

[Event "Early-Titled-Tuesday-Blitz-January-16-2024"]
[Site "Chess.com"]
[Date "2024.01.16"]
[Round "9"]
[White "Kostukov_Alex"]
[Black "N4700000"]
[Result "1-0"]
[WhiteElo "2320"]
[BlackElo "2408"]
[TimeControl "180+1"]
[EndTime "9:48:40 PST"]
[Termination "Kostukov_Alex won on time"]

1. g3 d5 2. Bg2 Nf6 3. d3 e6 4.
e4 Be7 5. Qe2 a5 6. e5 Nfd7 7.
Nf3 a4 8. O-O c5 9. c4 d4 10. h4 h6 11. h5 Nc6 12. Na3 Nf8 13. Re1 Nh7 14. Bf4 O-O 15. Rad1 b6 16. Nh2 Bb7 17. Ng4 Kh8 18. Nb5 Ng5 19. Bc1 a3 20.
bxa3 Qd7 21. f4 Nh7 22. Be4 Ra5 23. Nh2 Rfa8 24. g4 Nd8 25. Qg2 Bxe4 26. Qxe4 f5 27. exf6 Nxf6 28. Qg6 Qe8 29. f5 Qxg6 30. hxg6 Kg8 31. Nc7 R8a7 32. Nxe6 Nc6 33. g5 hxg5 34. Bxg5 Rxa3 35. Nf3 Rxa2 36. Ne5 Nxe5 37. Rxe5 Ng4 38. Rd5 Bxg5 39. Nxg5 Kf8 40. Re1 Ne3 41. Rd8+ Ke7 42.
Rg8 Kf6 43. Ne4+ Kxf5 44. Rf8+ Kxg6 45. Nf2 Rd2 46. Rf3 Raa2 47. Rg3+ Kf7 48. Rf3+ Ke7 49. Rb1 Rdb2 50. Re1 1-0

[Event "Early-Titled-Tuesday-Blitz-January-16-2024"]
[Site "Chess.com"]
[Date "2024.01.16"]
[Round "9"]
[White "sergoy"]
[Black "crescentmoon2411"]
[Result "1-0"]
[WhiteElo "3024"]
[BlackElo "2952"]
[TimeControl "180+1"]
[EndTime "9:48:41 PST"]
[Termination "sergoy won by checkmate"]

1. d4 Nf6 2. c4 e6 3. Nf3 d5 4. Nc3 a6 5. cxd5 exd5 6. Bg5 Be6 7. Bxf6 Qxf6 8. Qb3 b5 9. a4 b4 10. Nxd5 Qd8 11. e4 c6 12. Qe3 cxd5 13. exd5 Qxd5 14. Rc1 Be7 15. Bd3 Qd8 16. Be4 Nd7 17. d5 Rc8 18. dxe6 Rxc1+ 19. Qxc1 fxe6 20. Qc6 O-O 21. Qxe6+ Kh8 22.
O-O Nc5 23. Qc4 Rf4 24. Re1 Nxe4 25. h3 Rxf3 26. gxf3 Ng5 27. Qg4 h6 28. h4 Nh7 29.
Qe6 Bf8 30. Re4 a5 31. Rc4 Qd1+ 32. Kg2 Qxa4 33. Rc8 Qb5 34. Qf7 a4 35. Ra8 a3 36.
bxa3 b3 37. a4 Qb4 38. Qf5 b2 39. Qb1 Qb7 40. Re8 Qb3 41. a5 Qb5 42. Ra8 Qb7 43.
Rd8 Qc7 44. Rd5 Nf6 45. Rb5 Ba3 46. a6 Qa7 47. Ra5 Bb4 48. Ra4 Bc3 49. Rc4 Bd4 50.
Rc8+ Ng8 51. Qa2 Kh7 52. Qxg8+ Kg6 53. Qe6+ Bf6 54. Qe4+ Kh5 55. Qg4# 1-0

[Event "Early-Titled-Tuesday-Blitz-January-16-2024"]
[Site "Chess.com"]
[Date "2024.01.16"]
[Round "9"]
[White "Roman_Ovetchkin"]
[Black "GalaxyRoman"]
[Result "0-1"]
[WhiteElo "2660"]
[BlackElo "2870"]
[TimeControl "180+1"]
[EndTime "9:48:41 PST"]
[Termination "GalaxyRoman won on time"]

1. d4 Nf6 2. c4 e6 3. g3 Bb4+ 4. Bd2 a5 5. Bg2 d5 6. Nf3 O-O 7. O-O dxc4 8. Qc2 b5 9. a4 Bxd2 10. Nfxd2 Ra7 11. axb5 Qxd4 12. Nxc4 Bb7 13. Bxb7 Rxb7 14.
Rxa5 h5 15. Qc3 Qd8 16. Qf3 Nd5 17. Nc3 h4 18. Rd1 c6 19. bxc6 Nxc6 20. Nxd5 Nxa5 21. Nxa5 Qxa5 22. Nf6+ gxf6 23. Qxb7 f5 24. Qe7 hxg3 25. Qg5+ Kh7 26. hxg3 Qe5 27. Qh4+ Kg7 28. Rd4 f6 29. e3 Qb5 30. b4 e5 31. Rc4 Rf7 32. Rc8 Rf8 33.
Rxf8 Kxf8 34. Qh8+ Kf7 35. Qh7+ Ke6 36. Qg8+ Ke7 37.
Qb3 f4 38. exf4 exf4 39. gxf4 Kf8 40. Qc3 Kf7 41. Kg2 Qe2 42. Kg3 Qd1 43. f5 Qg1+ 44.
Kf3 Qh1+ 45. Ke3 Qh3+ 46. Ke4 Qxc3 0-1

[Event "Early-Titled-Tuesday-Blitz-January-16-2024"]
[Site "Chess.com"]
[Date "2024.01.16"]
[Round "9"]
[White "Kaissa10"]
[Black "DanilNajdin"]
[Result "0-1"]
[WhiteElo "2272"]
[BlackElo "2491"]
[TimeControl "180+1"]
[EndTime "9:48:43 PST"]
[Termination "DanilNajdin won by checkmate"]

1. c4 e6 2. Nf3 d5 3. g3 Nf6 4. Bg2 dxc4 5. Qa4+ Bd7 6. Qxc4 c5 7. O-O b5 8. Qc2 Nc6 9. Nc3 a6 10. d3 Be7 11.
Bg5 O-O 12. Bxf6 Bxf6 13. Ne4 Rc8 14. Rac1 Be7 15. Qd2 Qb6 16. Qe3 Nb4 17. Ne5 Nd5 18. Nxd7 Qa7 19. Ndf6+ Nxf6 20. Nxf6+ Bxf6 21. b4 Bd4 22. Qd2 cxb4 23. Rxc8 Rxc8 24. Qxb4 Qc5 25. Qa5 Qb6 26.
Qa3 b4 27. Qa4 h5 28. Be4 h4 29. Qd7 Rd8 30. Qe7 Bf6 31. Qb7 Qxb7 32. Bxb7 a5 33. Rc1 Rb8 34. Rc8+ Rxc8 35. Bxc8 a4 36. Ba6 b3 37.
axb3 a3 38. Bc4 a2 39. b4 a1=Q+ 40. Kg2 h3+ 41. Kf3 Qf1 42. b5 Qg2+ 43. Ke3 Qxh2 44.
b6 Qg2 45. f3 Qxg3 46. Ke4 h2 47.
Bxe6 Qe5# 0-1

[Event "Early-Titled-Tuesday-Blitz-January-16-2024"]
[Site "Chess.com"]
[Date "2024.01.16"]
[Round "9"]
[White "supereagles1201"]
[Black "sergeikim"]
[Result "0-1"]
[WhiteElo "2365"]
[BlackElo "2595"]
[TimeControl "180+1"]
[EndTime "9:48:43 PST"]
[Termination "sergeikim won on time"]

1. d4 Nf6 2. Bg5 g6 3. Bxf6 exf6 4. c4 h5 5. Nc3 h4 6. e3 f5 7. Be2 d6 8. Bf3 Nd7 9. Nge2 Nf6 10. h3 c6 11. b4 a6 12. a4 Bh6 13. Qd3 O-O 14. Rb1 Re8 15. O-O Qe7 16. b5 axb5 17. axb5 Ne4 18.
bxc6 bxc6 19. Rb6 Qc7 20. Rfb1 Nxc3 21. Nxc3 Bd7 22. Rb7 Qc8 23. e4 Ra3 24. e5 dxe5 25. dxe5 Be6 26. R7b6 Rd8 27. Qc2 Qc7 28. Rxc6 Qxe5 29.
Nd5 Ra1 30. Qd1 Rda8 31. Rcb6 Bg7 32. Rxa1 Rxa1 33. Rb1 Rxb1 34. Qxb1 Qd4 35. Qc2 Be5 36. Kf1 Qa1+ 37. Qd1 Qa2 38. Qc1 Bd4 39. Ne3 Bxe3 40. Qxe3 Qa1+ 41. Ke2 Bxc4+ 42. Kd2 Qb2+ 43. Ke1 Qb1+ 44.
Kd2 Qb2+ 45. Ke1 Be6 46. Qd2 Qxd2+ 47. Kxd2 Kg7 48. Ke3 Kf6 49. Kf4 g5+ 50. Ke3 Ke5 51. Bb7 Bd5 52. f3 Bxb7 0-1

[Event "Early-Titled-Tuesday-Blitz-January-16-2024"]
[Site "Chess.com"]
[Date "2024.01.16"]
[Round "9"]
[White "Witty_Alien"]
[Black "ChainedDowntohell"]
[Result "0-1"]
[WhiteElo "2350"]
[BlackElo "2539"]
[TimeControl "180+1"]
[EndTime "9:48:43 PST"]
[Termination "ChainedDowntohell won on time"]

1. e4 b6 2. a4 a5 3. Bc4 Bb7 4. d3 e6 5. Bb3 g6 6. h4 h5 7.
f4 f5 8. Nf3 Nf6 9. Ne5 Rh6 10.
exf5 gxf5 11. Rh3 Ng4 12. Qe2 Nc6 13. Nxc6 Bxc6 14. Nc3 Bc5 15. Nd5 Kf8 16. Ne3 Qf6 17. g3 Bxe3 18. Bxe3 Qxb2 19. Rd1 Qc3+ 20. Bd2 Qd4 21. Kf1 Re8 22. c3 Qc5 23. d4 Qa3 24. Bc2 Qa2 25. Bd3 Bxa4 26. Re1 Bc6 27. Bxf5 Qd5 28.
Bxg4 hxg4 29. Rh2 Qf3+ 30. Qxf3 gxf3 31. g4 a4 32. f5 Rh7 33. f6 Kf7 34. g5 Kg6 35. h5+ Rxh5 36. Rxh5 Kxh5 37. Kf2 a3 38. Rh1+ Kg6 39. Rh6+ Kf5 40. f7 Ra8 41. Bc1 a2 42. Bb2 Kxg5 43. Rh7 Rf8 44. Rg7+ Kf6 45. Rh7 Rxf7 46. Rh6+ Kg5 47. Bc1+ Kg4 48. Rg6+ Kf5 49. Ke3 Kxg6 0-1

[Event "Early-Titled-Tuesday-Blitz-January-16-2024"]
[Site "Chess.com"]
[Date "2024.01.16"]
[Round "9"]
[White "AlexPapasimakopoulos"]
[Black "adotand"]
[Result "1-0"]
[WhiteElo "2672"]
[BlackElo "2866"]
[TimeControl "180+1"]
[EndTime "9:48:46 PST"]
[Termination "AlexPapasimakopoulos won by resignation"]

1. d4 Nf6 2. c4 b6 3. f3 Bb7 4. e4 g6 5. e5 Nh5 6. Nc3 d6 7. g4 Ng7 8. exd6 exd6 9. Qe2+ Be7 10. Bg5 Nc6 11. Bxe7 Qxe7 12. Qxe7+ Kxe7 13. O-O-O h5 14. Nd5+ Kd8 15. Ne2 Ne7 16. Nec3 Nxd5 17. cxd5 Bc8 18.
Be2 Bd7 19. Rde1 Ne8 20. Kd2 Rb8 21. a4 c6 22. dxc6 Bxc6 23. d5 Bd7 24. h4 Rc8 25. b4 Nf6 26. g5 Ne8 27. Ba6 Rc7 28. Re3 Ng7 29. Bd3 Bf5 30. Nb5 Rd7 31. Nd4 Bxd3 32. Kxd3 Kc7 33. Rhe1 Rf8 34. Re7 Rd8 35. a5 bxa5 36. bxa5 a6 37. R7e2 Rc8 38. Rb1 Nf5 39. Nxf5 gxf5 40. Rc2+ Kd8 41. Rxc8+ Kxc8 42. Rb6 f4 43.
Rxa6 Re7 44. Rxd6 Re3+ 45. Kd4 Rxf3 46. Rf6 Rf1 47. a6 f3 48. Ke3 Kb8 49. Rxf7 Re1+ 50. Kf2 Rd1 51. Rf5 Rd4 52. g6 Rxh4 53. Rg5 1-0